[Event "Team 45 45 League T89"]
[Site "Internet Chess Club"]
[Date "2021.07.18"]
[Round "2"]
[White "Kingfisher75"]
[Black "fvafier"]
[Result "0-1"]
[WhiteElo "1584"]
[BlackElo "1527"]
[Opening "French: Tarrasch, open variation"]
[ECO "C07"]
[Time "15:00:33"]
[TimeControl "2700+45"]

1. e4 e6 2. d4 d5 3. Nd2 c5 4. exd5 Qxd5 5. dxc5 Bxc5 6. Ngf3 Nf6 7. Bc4 Qd8 8.
O-O O-O 9. Qe2 Nc6 10. Nb3 Bb6 11. Bg5 h6 12. Rfd1 Qe7 13. Bf4 Bc7 14. Bxc7 Qxc7
15. Bb5 a6 16. Bxc6 Qxc6 17. Ne5 Qc7 18. c3 b5 19. Nd4 Bb7 20. Ndf3 Rfd8 21.
Rac1 Rxd1+ 22. Rxd1 Rd8 23. Rxd8+ Qxd8 24. Qd2 Qd5 25. Qxd5 Bxd5 26. b3 Kf8 27.
c4 bxc4 28. bxc4 Bxf3 29. Nxf3 Ke7 30. Ne5 Nd7 31. Nd3 Kd6 32. f4 Nc5 33. Ne5 f6
34. Nf3 g5 35. g3 gxf4 36. gxf4 Nd3 37. f5 exf5 38. Kf1 Kc5 39. Nd2 Ne5 40. Ke2
Nxc4 41. Nb3+ Kd5 42. Kf3 Ke5 43. Nc5 a5 44. Nd7+ Ke6 45. Nc5+ Kd5 46. Nd7 Ne5+
{White resigns} 0-1

[Event "Team 45 45 League T89"]
[Site "Internet Chess Club"]
[Date "2021.07.18"]
[Round "2"]
[White "Denis240964"]
[Black "cayo89"]
[Result "0-1"]
[WhiteElo "1464"]
[BlackElo "1519"]
[Opening "Philidor: Improved Hanham variation"]
[ECO "B07"]
[Time "13:00:42"]
[TimeControl "2700+45"]

1. e4 d6 2. d4 Nf6 3. Nc3 Nbd7 4. Nf3 e5 5. dxe5 dxe5 6. Be2 Be7 7. O-O c6 8.
Bg5 Qc7 9. a3 h6 10. Bh4 Nf8 11. Qd3 Ng6 12. Bxf6 Bxf6 13. Rad1 Nf4 14. Qe3 Be6
15. Rfe1 Nxe2+ 16. Rxe2 O-O 17. Red2 b6 18. Ne2 Rad8 19. Ng3 Rxd2 20. Rxd2 Rd8
21. Re2 Rd1+ 22. Nf1 Bc4 23. Re1 Rxe1 24. Qxe1 Qd6 25. N3d2 Be6 26. g3 Qd4 27.
c3 Qd3 28. h4 Be7 29. Qe3 Qc2 30. b4 c5 31. b5 Qa4 32. c4 Bxc4 33. Qc3 Bxf1 34.
Nxf1 Bf6 35. Qd3 Qd4 36. Qe3 c4 37. Qe2 Be7 38. a4 Bc5 39. Kg2 c3 40. Kf3 Qxf2+
41. Qxf2 Bxf2 42. Kxf2 c2 43. Nd2 c1=Q 44. Ke2 Kf8 45. g4 Ke7 {White resigns}
0-1

[Event "Team 45 45 League T89"]
[Site "Internet Chess Club"]
[Date "2021.07.16"]
[Round "2"]
[White "Pawnchain"]
[Black "Megasus"]
[Result "0-1"]
[WhiteElo "1287"]
[BlackElo "1408"]
[Opening "Queen's pawn: London system"]
[ECO "A45"]
[Time "12:00:24"]
[TimeControl "2700+45"]

1. d4 Nf6 2. Bf4 e6 3. e3 c5 4. c3 Qb6 5. Qb3 Nd5 6. Qxb6 axb6 7. Bg3 Be7 8. Bd3
d6 9. Nf3 Bd7 10. O-O b5 11. Nbd2 c4 12. Be4 Na6 13. a3 Nac7 14. Rfc1 f5 15.
Bxd5 Nxd5 16. e4 Nb6 17. exf5 exf5 18. Re1 Kf7 19. Bh4 Bxh4 20. Nxh4 Nd5 21.
Nhf3 h6 22. Rac1 Nf4 23. Re3 Nd3 24. Rb1 Rhe8 25. Rxe8 Rxe8 26. Kf1 g5 27. Ne1
Nf4 28. b3 d5 29. bxc4 dxc4 30. Nef3 Nd3 31. Re1 Nxe1 32. Nxe1 {White resigns}
0-1

[Event "Team 45 45 League T89"]
[Site "Internet Chess Club"]
[Date "2021.07.16"]
[Round "2"]
[White "VictorRed"]
[Black "nidusin2"]
[Result "1-0"]
[WhiteElo "1680"]
[BlackElo "1650"]
[Opening "French defense"]
[ECO "C01"]
[Time "22:06:02"]
[TimeControl "2700+45"]

1. e4 e6 2. d4 b6 3. Bd3 Bb7 4. Nf3 Bb4+ 5. c3 Be7 6. O-O d5 7. e5 Nd7 8. Qc2 h6
9. a4 c5 10. b3 Rc8 11. Qe2 Qc7 12. Nbd2 cxd4 13. cxd4 Bb4 14. Bb2 Ne7 15. Rfc1
Qd8 16. Nf1 O-O 17. Ne3 Nc6 18. Bb1 Na5 19. Qd3 g6 20. h4 Rxc1+ 21. Bxc1 Qc8 22.
Bc2 Ba6 23. Qd1 Bc3 24. Rb1 Nc6 25. Ba3 Nb4 26. Ng4 Kg7 27. Rc1 Qb7 28. Bxg6 Rc8
29. Bb1 b5 30. Bxb4 Bxb4 31. Rxc8 Qxc8 32. Qd3 bxa4 33. Qh7+ Kf8 34. Nxh6 Qe8
35. bxa4 Ke7 36. Ng5 Nf8 37. Qc2 Bc4 38. Nhxf7 a5 39. h5 Kd7 40. h6 Be7 41. h7
Ng6 42. Qxg6 {Black resigns} 1-0

[Event "Team 45 45 League T89"]
[Site "Internet Chess Club"]
[Date "2021.07.16"]
[Round "2"]
[White "Insan996"]
[Black "andrew37"]
[Result "1-0"]
[WhiteElo "1576"]
[BlackElo "1601"]
[Opening "King's Indian, 3.Nf3"]
[ECO "E61"]
[Time "16:39:53"]
[TimeControl "2700+45"]

1. d4 Nf6 2. Nf3 g6 3. c4 Bg7 4. Nc3 O-O 5. g3 d5 6. cxd5 Nxd5 7. Bg2 Nxc3 8.
bxc3 c5 9. O-O cxd4 10. Nxd4 Qc7 11. Qb3 Nc6 12. e3 Rb8 13. Ba3 Re8 14. Rab1 Na5
15. Qb4 b6 16. Nb5 Qe5 17. Nxa7 Qxc3 18. Qxc3 Bxc3 19. Nxc8 Rbxc8 20. Rxb6 Nc4
21. Ra6 Bf6 22. Bb4 Ne5 23. Rd1 Rc2 24. a4 Rec8 25. a5 Rb2 26. Be1 Rcc2 27. h3
Kg7 28. Ra8 Ra2 29. Bd5 Rab2 30. a6 Nd7 31. Rd8 Nb6 32. Bb7 Ra2 33. Rb1 Nc4 34.
Rc8 e6 35. Be4 Nd6 36. Rxc2 Rxa6 37. Bf3 e5 38. Bd5 Nf5 39. e4 Nd4 40. Rc7 Kh6
41. Kg2 Bg5 42. Rxf7 Bd8 43. Bd2+ g5 44. h4 Kg6 45. Bxg5 Bxg5 46. hxg5 Ra5 47.
Re7 Kxg5 48. Rxe5+ Kf6 49. Re8 Ra6 50. Rh8 {Black resigns} 1-0

[Event "Team 45 45 League T89"]
[Site "Internet Chess Club"]
[Date "2021.07.18"]
[Round "2"]
[White "goldeen7"]
[Black "fireball"]
[Result "1-0"]
[WhiteElo "1401"]
[BlackElo "1526"]
[Opening "French: King's Indian attack"]
[ECO "C00"]
[Time "10:01:48"]
[TimeControl "2700+45"]

1. e4 e6 2. d3 d5 3. Nd2 dxe4 4. dxe4 Nc6 5. Ngf3 Bc5 6. c3 Nf6 7. h3 e5 8. Bb5
Qe7 9. O-O Bd7 10. b4 Bd6 11. Re1 a6 12. Bd3 O-O 13. Nc4 b5 14. Nxd6 cxd6 15.
Bg5 h6 16. Be3 Be6 17. a4 Bc4 18. Bxc4 bxc4 19. Nd2 Rfc8 20. Nxc4 Nxe4 21. Nb6
Rab8 22. Nxc8 Rxc8 23. Rc1 f5 24. Qd5+ Kh8 25. Red1 Nd8 26. c4 Nf7 27. c5 Rd8
28. c6 Nf6 29. Qa5 Ra8 30. c7 Qd7 31. Qb6 Rc8 32. b5 axb5 33. axb5 Ne8 34. Qa5
Nxc7 35. b6 Na8 36. Qa7 Qe8 37. Rxc8 Qxc8 38. b7 {Black resigns} 1-0

[Event "Team 45 45 League T89"]
[Site "Internet Chess Club"]
[Date "2021.07.16"]
[Round "2"]
[White "Portola"]
[Black "QuieroAprender"]
[Result "1-0"]
[WhiteElo "1684"]
[BlackElo "1672"]
[Opening "Queen's pawn game"]
[ECO "A46"]
[Time "17:00:17"]
[TimeControl "2700+45"]

1. d4 Nf6 2. Nf3 d6 3. Bg5 Bg4 4. Nbd2 Nbd7 5. e3 h6 6. Bh4 c6 7. c3 e5 8. dxe5
dxe5 9. Be2 Be7 10. O-O Nd5 11. Bg3 f6 12. Qc2 Bc5 13. Qg6+ Kf8 14. Qxg4 Bxe3
15. c4 h5 16. Qf5 Ne7 17. Qc2 Bb6 18. h4 g5 19. hxg5 h4 20. Nxh4 fxg5 21. Ng6+
Nxg6 22. Qxg6 Qf6 23. Qxf6+ Nxf6 24. Bxe5 Kf7 25. Bxf6 Kxf6 26. Ne4+ Kf5 27.
Nd6+ Kf6 28. g3 {Black resigns} 1-0

[Event "Team 45 45 League T89"]
[Site "Internet Chess Club"]
[Date "2021.07.15"]
[Round "2"]
[White "kabindra"]
[Black "rubo"]
[Result "1-0"]
[WhiteElo "1755"]
[BlackElo "1522"]
[Opening "Caro-Kann: advance variation"]
[ECO "B12"]
[Time "16:14:52"]
[TimeControl "2700+45"]

1. e4 c6 2. d4 d5 3. e5 Bf5 4. Ne2 e6 5. Ng3 Bg6 6. h4 h5 7. Be2 Be7 8. Nxh5
Bxh5 9. Bxh5 g6 10. Bf3 Bxh4 11. g3 Bf6 12. exf6 Qxf6 13. Rxh8 Qxh8 14. Bf4 Nd7
15. Nd2 Qxd4 16. Qb1 Ngf6 17. c3 Qb6 18. Be3 Qc7 19. Qc2 e5 20. O-O-O O-O-O 21.
Kb1 e4 22. Be2 Rh8 23. Qa4 a6 24. Qd4 c5 25. Qa4 Qd6 26. Nc4 Qe6 27. Na5 b5 28.
Qa3 Rh2 29. Bxc5 Nxc5 30. Qxc5+ Kd8 31. c4 bxc4 32. Nxc4 Rh8 33. Ne3 Re8 34.
Nxd5 Nd7 35. Qc7# {Black checkmated} 1-0

[Event "Team 45 45 League T89"]
[Site "Internet Chess Club"]
[Date "2021.07.18"]
[Round "2"]
[White "nosir"]
[Black "julesraider"]
[Result "1-0"]
[WhiteElo "1410"]
[BlackElo "1551"]
[Opening "King's Indian: East Indian defense"]
[ECO "A48"]
[Time "18:00:26"]
[TimeControl "2700+45"]

1. d4 Nf6 2. Nf3 g6 3. c3 Bg7 4. Bg5 Ne4 5. Bh4 d5 6. Nbd2 Nxd2 7. Qxd2 Bf5 8.
e3 Nd7 9. Be2 O-O 10. h3 c5 11. g4 Be4 12. O-O-O cxd4 13. exd4 Rc8 14. Qe3 Qa5
15. a3 e6 16. Bd3 Bxd3 17. Rxd3 Rfe8 18. Ne5 Nxe5 19. dxe5 Rc4 20. Bf6 Re4 21.
Qg3 Rc8 22. h4 d4 23. Bxg7 dxc3 24. Rxc3 Rxc3+ 25. Qxc3 Kxg7 26. Qxa5 Rc4+ 27.
Kb1 a6 28. g5 Rf4 29. Qd8 Rxf2 30. Rc1 Rf5 31. Rc8 Rf1+ 32. Ka2 h6 33. Qg8#
{Black checkmated} 1-0

[Event "Team 45 45 League T89"]
[Site "Internet Chess Club"]
[Date "2021.07.18"]
[Round "2"]
[White "Conjurer"]
[Black "g8wrb"]
[Result "0-1"]
[WhiteElo "1136"]
[BlackElo "1260"]
[Opening "Queen's pawn"]
[ECO "A40"]
[Time "13:05:01"]
[TimeControl "2700+45"]

1. d4 e6 2. Bf4 Nf6 3. e3 c5 4. Nf3 Nc6 5. c3 cxd4 6. Nxd4 Be7 7. Bg3 O-O 8. Bd3
d6 9. O-O Qb6 10. Qc2 e5 11. Nf5 Bxf5 12. Bxf5 d5 13. e4 dxe4 14. Bxe4 Nxe4 15.
Qxe4 Qxb2 16. Bxe5 Qxa1 17. a3 Nxe5 18. Qxe5 Bf6 19. Qc5 Qb2 20. Qc4 Rac8 {White
resigns} 0-1

[Event "Team 45 45 League T89"]
[Site "Internet Chess Club"]
[Date "2021.07.15"]
[Round "2"]
[White "fhunfi"]
[Black "ChessJayden"]
[Result "1-0"]
[WhiteElo "1796"]
[BlackElo "1726"]
[Opening "Sicilian: closed"]
[ECO "B23"]
[Time "12:01:16"]
[TimeControl "2700+45"]

1. e4 c5 2. Nc3 d6 3. d4 cxd4 4. Qxd4 Nc6 5. Qd2 Nf6 6. b3 g6 7. Bb2 Bg7 8.
O-O-O O-O 9. Kb1 Bd7 10. f3 Qa5 11. g4 Rfd8 12. Nge2 b5 13. g5 Ne8 14. Nd5 b4
15. Bxg7 Nxg7 16. Nef4 Ne6 17. h4 Nxf4 18. Qxf4 Qa3 19. h5 Rf8 20. Qh4 Kg7 21.
hxg6 h5 22. gxh6+ Kg8 23. Nf6+ exf6 {Black resigns} 1-0

[Event "Team 45 45 League T89"]
[Site "Internet Chess Club"]
[Date "2021.07.16"]
[Round "2"]
[White "handsomematch"]
[Black "Draconian"]
[Result "0-1"]
[WhiteElo "1391"]
[BlackElo "1709"]
[Opening "Sicilian: accelerated fianchetto, modern variation"]
[ECO "B34"]
[Time "16:00:43"]
[TimeControl "2700+45"]

1. e4 c5 2. Nf3 Nc6 3. d4 cxd4 4. Nxd4 g6 5. Nc3 Bg7 6. Be3 Nf6 7. f3 O-O 8. Qd2
d5 9. exd5 Nxd5 10. Nxc6 bxc6 11. Nxd5 cxd5 12. c3 Qc7 13. Qxd5 Bxc3+ 14. bxc3
Qxc3+ 15. Kf2 Qxa1 16. Qxa8 Qxa2+ 17. Be2 Ba6 18. Qxa7 Qxe2+ 19. Kg3 e5 20. Qc5
Re8 21. Qc6 Rc8 22. Qe4 Rc3 23. Qa8+ Bc8 24. Bf2 e4 25. Re1 Rxf3+ 26. Kh4 Rf4+
27. Kg5 Qg4+ 28. Kh6 Qh5# {White checkmated} 0-1

[Event "Team 45 45 League T89"]
[Site "Internet Chess Club"]
[Date "2021.07.15"]
[Round "2"]
[White "trogers41"]
[Black "aec7r3b"]
[Result "0-1"]
[WhiteElo "1267"]
[BlackElo "1231"]
[Opening "Ruy Lopez: 5.O-O"]
[ECO "C78"]
[Time "16:00:36"]
[TimeControl "2700+45"]

1. e4 e5 2. Nf3 Nc6 3. Bb5 a6 4. Ba4 Nf6 5. O-O b5 6. Bb3 Bc5 7. c3 d6 8. d4 Bb6
9. Re1 O-O 10. h3 exd4 11. cxd4 Re8 12. Nc3 Bb7 13. Bc2 Nb4 14. Bg5 h6 15. Bh4
Nxc2 16. Qxc2 g5 17. Bg3 b4 18. Nd5 Nxd5 19. exd5 Bxd5 20. b3 Qf6 21. Qd3 Bxf3
22. gxf3 Bxd4 23. Rxe8+ Rxe8 24. Rd1 Be5 25. Re1 Re6 26. Kg2 a5 27. Qd5 Bxg3 28.
Rxe6 Qxe6 29. Qa8+ Kg7 30. fxg3 Qe2+ 31. Kg1 Qxa2 32. Qd5 Qa1+ 33. Kf2 Qe5 34.
Qc4 Qc5+ 35. Qxc5 dxc5 36. Ke3 Kf6 37. Kd3 Ke6 38. Kc4 f5 39. Kxc5 h5 40. Kb5
Kd5 41. Kxa5 c5 42. Kb5 Kd4 43. h4 gxh4 44. gxh4 Kc3 45. Kxc5 Kxb3 46. Kd5 Kc3
47. Ke5 b3 48. Kxf5 b2 49. Kg5 b1=Q 50. f4 Qh7 51. f5 Kd4 52. Kf4 Kd5 53. Kg5
Ke5 54. f6 Ke6 55. Kf4 Kxf6 {White resigns} 0-1

[Event "Team 45 45 League T89"]
[Site "Internet Chess Club"]
[Date "2021.07.15"]
[Round "2"]
[White "eevee11"]
[Black "Fulmar"]
[Result "1-0"]
[WhiteElo "1226"]
[BlackElo "1136"]
[Opening "Ruy Lopez: closed, Flohr-Zaitsev system (Lenzerheide variation)"]
[ECO "C92"]
[Time "16:06:56"]
[TimeControl "2700+45"]

1. e4 e5 2. Nf3 Nc6 3. Bb5 a6 4. Ba4 Nf6 5. O-O b5 6. Bb3 Be7 7. Re1 O-O 8. c3
d6 9. h3 Bb7 10. d4 Qc8 11. Nbd2 h6 12. Nf1 Rd8 13. Ng3 Na5 14. Bc2 c5 15. Nf5
Bf8 16. dxe5 dxe5 17. Qe2 Qe6 18. a4 c4 19. Qe3 Nb3 20. Bxb3 cxb3 21. axb5 axb5
22. Rxa8 Bxa8 23. Nd2 Nxe4 24. Nxg7 Bxg7 25. Nxe4 Qg6 26. Ng3 Qc6 27. f3 Qg6 28.
Qf2 f5 29. f4 Rd3 30. Be3 exf4 31. Bxf4 b4 32. cxb4 Bd4 33. Be3 Rxe3 34. Rxe3 f4
35. Qxf4 Qb1+ 36. Kh2 Bxe3 37. Qxe3 Kh7 38. Qa7+ Kg6 39. Qa6+ Kg5 40. h4+ Kg4
41. Qxa8 Qg6 42. Qf3+ Kxh4 43. Qf4+ Qg4 44. Nf5+ Kh5 45. Qxh6# {Black
checkmated} 1-0

[Event "Team 45 45 League T89"]
[Site "Internet Chess Club"]
[Date "2021.07.19"]
[Round "2"]
[White "Ajolote"]
[Black "MacroPawn"]
[Result "1-0"]
[WhiteElo "1979"]
[BlackElo "1780"]
[Opening "Sicilian: closed, 2...Nc6"]
[ECO "B23"]
[Time "20:03:28"]
[TimeControl "2700+45"]

1. e4 c5 2. Nc3 Nc6 3. Bb5 a6 4. Bxc6 bxc6 5. f4 d5 6. d3 Rb8 7. Nf3 d4 8. Na4
f6 9. O-O e6 10. c3 Nh6 11. Qc2 Be7 12. b3 Qc7 13. cxd4 cxd4 14. Nxd4 Qa7 15.
Be3 Ng4 16. Bf2 Nxf2 17. Qxf2 Bd7 18. Nf3 c5 19. Nb2 Qc7 20. g3 a5 21. Rfc1 O-O
22. Kg2 Rfd8 23. Rc3 Bc6 24. Na4 Bxa4 25. bxa4 Rb4 26. a3 Rb6 27. Nd2 Rb2 28.
Rac1 f5 29. e5 Qc6+ 30. Kh3 Qxa4 31. Qe1 g5 32. Rb1 Ra2 33. Ra1 Rxa1 34. Qxa1
gxf4 35. Nc4 Qe8 36. Qd1 fxg3 37. hxg3 Qg6 38. Nxa5 Qh6+ 39. Kg2 Rd5 40. Nc6 Bf8
41. Qe2 Qg7 42. Qf3 Qc7 43. Nb4 Rxe5 44. d4 Re4 45. dxc5 Bg7 46. Rc2 Be5 47. Nd3
Bxg3 48. c6 Rg4 49. Kf1 Qg7 50. c7 Bxc7 51. Qa8+ Qf8 52. Qxf8+ Kxf8 53. Rxc7 h5
54. Nc5 Rf4+ 55. Kg2 Rg4+ 56. Kf2 e5 57. Nd7+ Ke7 58. Nxe5+ Kd6 59. Nxg4 Kxc7
60. Ne3 f4 61. Nd5+ Kc6 62. Nb4+ Kb5 63. Kf3 Ka4 64. Nc2 Kb3 65. Kxf4 Ka4 66.
Kg5 Kb5 67. Kxh5 Ka5 68. Kg5 Ka6 69. Kf5 Ka7 70. Ke5 {Black resigns} 1-0

[Event "Team 45 45 League T89"]
[Site "Internet Chess Club"]
[Date "2021.07.19"]
[Round "2"]
[White "gera-carp75"]
[Black "hipopotamos"]
[Result "1-0"]
[WhiteElo "1858"]
[BlackElo "1659"]
[Opening "Giuoco Piano"]
[ECO "C53"]
[Time "20:08:55"]
[TimeControl "2700+45"]

1. e4 e5 2. Nf3 Nc6 3. Bc4 Bc5 4. c3 d6 5. Bb3 Nge7 6. d4 exd4 7. cxd4 Bb4+ 8.
Nc3 Bg4 9. Bxf7+ Kxf7 10. Ng5+ Ke8 11. Qxg4 Nxd4 12. O-O h5 13. Qd1 c5 14. Nd5
Ba5 15. b4 Nxd5 16. exd5 Bxb4 17. Rb1 Qf6 18. a3 Qf5 19. Rxb4 Qxd5 20. Re1+ Kd7
21. Qa4+ b5 22. Rxb5 Nxb5 23. Qxb5+ Kc8 24. Qa6+ Kd7 25. Qa4+ Kc8 26. Re7 Rd8
27. Ne6 a6 28. Nxd8 Kb8 29. Rb7+ Qxb7 30. Nxb7 Kxb7 31. Qd7+ Kb6 32. Qxd6+ Kb5
33. a4+ Kc4 34. Qf4+ Kb3 35. Qf3+ Kc2 36. Qxa8 Kxc1 37. Qxa6 h4 38. Qc4+ Kb2 39.
a5 h3 40. a6 hxg2 41. a7 g5 42. a8=Q g4 43. Qb7+ Ka3 44. Qca6# {Black
checkmated} 1-0

[Event "Team 45 45 League T89"]
[Site "Internet Chess Club"]
[Date "2021.07.18"]
[Round "2"]
[White "justice02"]
[Black "evan7284"]
[Result "0-1"]
[WhiteElo "1655"]
[BlackElo "1678"]
[Opening "Petrov: classical attack, Marshall variation"]
[ECO "C42"]
[Time "14:11:31"]
[TimeControl "2700+45"]

1. e4 e5 2. Nf3 Nf6 3. Nxe5 d6 4. Nf3 Nxe4 5. d4 d5 6. Bd3 Bd6 7. O-O O-O 8. c4
c6 9. Qc2 f5 10. Nbd2 Be6 11. Re1 Nd7 12. a3 Qf6 13. Nf1 h6 14. Rb1 Rae8 15. b4
g5 16. c5 Bb8 17. b5 g4 18. bxc6 bxc6 19. Ne5 Nxe5 20. dxe5 Bxe5 21. f3 gxf3 22.
gxf3 Nxc5 23. Rxe5 Nxd3 24. Rxe6 Qxe6 25. Qxd3 Rb8 26. Bb2 Qg6+ 27. Kh1 Kh7 28.
Qd4 Rf7 29. Re1 Rg8 30. Re2 Rfg7 31. h3 Qg1+ 32. Qxg1 Rxg1+ 33. Kh2 Rxf1 34.
Re7+ Kg6 35. Re6+ Kh5 36. Bd4 Rxf3 37. Bxa7 Rxa3 38. Be3 Rg6 39. Re5 Rf6 40. Bd4
Rd3 41. Bc5 Rf7 42. Re6 f4 43. Re5+ Kg6 44. Kg2 f3+ 45. Kf1 f2 46. Bxf2 Rdf3 47.
Re2 Rxf2+ 48. Rxf2 Rxf2+ 49. Kxf2 {White resigns} 0-1

[Event "Team 45 45 League T89"]
[Site "Internet Chess Club"]
[Date "2021.07.15"]
[Round "2"]
[White "GoIrish"]
[Black "manfredo"]
[Result "1-0"]
[WhiteElo "1504"]
[BlackElo "1541"]
[Opening "King's Indian: fianchetto without c4"]
[ECO "A49"]
[Time "13:00:51"]
[TimeControl "2700+45"]

1. d4 Nf6 2. Nf3 g6 3. g3 Bg7 4. Bg2 O-O 5. O-O d6 6. b3 Nbd7 7. Bb2 e5 8. dxe5
Ng4 9. Qd2 Ngxe5 10. c4 Re8 11. Nc3 Qe7 12. Rfe1 Nb6 13. Rad1 Qf6 14. Ba1 Rb8
15. Nb5 Qe7 16. Nxa7 Bd7 17. Nb5 Bc6 18. Nbd4 Be4 19. Nxe5 Bxg2 20. Kxg2 dxe5
21. Nb5 Rbd8 22. Qc2 Qc5 23. Rxd8 Rxd8 24. Rd1 Rxd1 25. Qxd1 Qe7 26. e4 Nc8 27.
Bb2 c6 28. Ba3 Qf6 29. Qd7 Nb6 30. Qe8+ {Black resigns} 1-0

[Event "Team 45 45 League T89"]
[Site "Internet Chess Club"]
[Date "2021.07.17"]
[Round "2"]
[White "harrington"]
[Black "Goli"]
[Result "1-0"]
[WhiteElo "1655"]
[BlackElo "1779"]
[Opening "Pirc: classical (two knights) system"]
[ECO "B06"]
[Time "12:30:28"]
[TimeControl "2700+45"]

1. e4 g6 2. d4 Bg7 3. Nf3 d6 4. Nc3 Nf6 5. Be3 O-O 6. Qd2 a6 7. Bh6 b5 8. Bxg7
Kxg7 9. Bd3 c5 10. e5 dxe5 11. dxe5 Ng4 12. h3 Nh6 13. O-O-O Bb7 14. Qf4 Qc7 15.
h4 f6 16. exf6+ {Black resigns} 1-0

[Event "Team 45 45 League T89"]
[Site "Internet Chess Club"]
[Date "2021.07.19"]
[Round "2"]
[White "cityprosecutor"]
[Black "MrAbendroth"]
[Result "1/2-1/2"]
[WhiteElo "1673"]
[BlackElo "1709"]
[Opening "Alekhine's defense: exchange variation"]
[ECO "B02"]
[Time "09:01:17"]
[TimeControl "2700+45"]

1. e4 Nf6 2. e5 Nd5 3. c4 Nb6 4. d4 d6 5. exd6 exd6 6. Nc3 Nc6 7. Be3 Bf5 8. Nf3
Be7 9. Be2 O-O 10. O-O Nd7 11. Nd5 Nf6 12. Nxe7+ Qxe7 13. d5 Ne5 14. Nd4 Bd7 15.
h3 Rfe8 16. Re1 Qd8 17. Bg5 h6 18. Bh4 Ng6 19. Bxf6 {Game drawn by mutual
agreement} 1/2-1/2

[Event "Team 45 45 League T89"]
[Site "Internet Chess Club"]
[Date "2021.07.18"]
[Round "2"]
[White "ILRE"]
[Black "ascoli"]
[Result "1-0"]
[WhiteElo "1636"]
[BlackElo "1579"]
[Opening "Queen's pawn game"]
[ECO "A46"]
[Time "15:32:02"]
[TimeControl "2700+45"]

1. d4 Nf6 2. Nf3 e6 3. Bf4 d5 4. e3 c5 5. c3 cxd4 6. exd4 Bd6 7. Bxd6 Qxd6 8.
Bd3 O-O 9. O-O Nc6 10. Nbd2 a6 11. a4 Bd7 12. Re1 b5 13. axb5 axb5 14. Bxb5 Rab8
15. Qe2 Ng4 16. h3 Nxd4 17. cxd4 Bxb5 18. Qd1 Bf1 {Black resigns} 1-0

[Event "Team 45 45 League T89"]
[Site "Internet Chess Club"]
[Date "2021.07.17"]
[Round "2"]
[White "scostanzo212"]
[Black "Timmah4651"]
[Result "1/2-1/2"]
[WhiteElo "1558"]
[BlackElo "1601"]
[Opening "QGD Slav: 4.Nc3"]
[ECO "D15"]
[Time "21:00:36"]
[TimeControl "2700+45"]

1. d4 d5 2. c4 c6 3. Nf3 Nf6 4. Nc3 a6 5. e3 b5 6. cxd5 cxd5 7. b4 Bg4 8. Be2 e6
9. a3 Nbd7 10. Nd2 Bf5 11. Nb3 Be7 12. O-O O-O 13. Nc5 Ne4 14. N3xe4 Bxe4 15.
Nxd7 Qxd7 16. Bd3 Rfc8 17. Be2 Rc2 18. Bd3 Bxd3 19. Qxd3 Rac8 20. Bd2 R8c6 21.
Rfc1 Qc7 22. Rxc2 Rxc2 23. g3 Qc4 24. Qxc4 dxc4 25. Be1 Kf8 26. Kg2 Rb2 27. Kf3
Ke8 28. Ke4 Kd7 29. g4 Bh4 30. Kf3 Kd6 31. e4 Rb3+ 32. Kg2 Rd3 33. a4 Kc6 34.
axb5+ axb5 35. Ra7 Rxd4 36. Rxf7 Rd7 37. Rxd7 Kxd7 38. Bc3 Bf6 39. e5 Be7 40.
Kf3 Ke8 41. Ke4 Kf7 42. f4 Bh4 43. h3 Ke7 44. Kf3 Kd7 45. Ke3 Kc6 46. Ke4 Kd7
47. Kf3 Ke8 48. Ke4 Kf7 49. Kf3 Kg8 50. Ke4 Kf8 51. Kf3 Ke8 52. Ke4 Kd8 53. Kf3
Kd7 54. Ke3 Bg3 55. Kf3 Bh4 56. Ke3 Ke7 {Game drawn by mutual agreement} 1/2-1/2

[Event "Team 45 45 League T89"]
[Site "Internet Chess Club"]
[Date "2021.07.18"]
[Round "2"]
[White "kabindra"]
[Black "mongmong"]
[Result "0-1"]
[WhiteElo "1686"]
[BlackElo "1524"]
[Opening "French: advance, Milner-Barry gambit"]
[ECO "C02"]
[Time "13:00:49"]
[TimeControl "2700+45"]

1. e4 e6 2. d4 d5 3. e5 c5 4. c3 Nc6 5. Nf3 Qb6 6. Bd3 cxd4 7. cxd4 Bd7 8. O-O
Nxd4 9. Nbd2 Nxf3+ 10. Nxf3 Bb5 11. Be3 Qa6 12. Bxb5+ Qxb5 13. a4 Qd7 14. Qb3
Ne7 15. Bc5 Nc6 16. Bxf8 Kxf8 17. Qa3+ Qe7 18. Qe3 h6 19. h4 g6 20. Qf4 Kg7 21.
Qg3 a6 22. h5 g5 23. Nh4 Rhf8 24. f4 Kh8 25. Nf3 gxf4 26. Qxf4 Kh7 27. Qe3 f5
28. exf6 Rxf6 29. Rae1 Raf8 30. Rf2 e5 31. Rfe2 e4 32. Nh4 Qd6 33. Ng6 R8f7 34.
Rd2 Qe6 35. Red1 d4 36. Qg3 Qf5 37. Qh2 e3 38. Nh4 Qxh5 {White resigns} 0-1

[Event "Team 45 45 League T89"]
[Site "Internet Chess Club"]
[Date "2021.07.16"]
[Round "2"]
[White "g8wrb"]
[Black "Toalla"]
[Result "1-0"]
[WhiteElo "1265"]
[BlackElo "1141"]
[Opening "Four knights: Spanish, classical defense"]
[ECO "C48"]
[Time "15:07:02"]
[TimeControl "2700+45"]

1. e4 e5 2. Nf3 Nc6 3. Bb5 Nf6 4. Nc3 Bc5 5. O-O O-O 6. Qe2 Re8 7. d3 a6 8. Ba4
b5 9. Bb3 Na5 10. Bg5 Nxb3 11. axb3 h6 12. Bxf6 Qxf6 13. Nxb5 Bb7 14. Nxc7 Qb6
15. Nxa8 Bxa8 16. Rfd1 Re6 17. Nh4 g6 18. Rf1 Be7 19. Nf3 Bc5 20. Qd2 Bf8 21.
Qc3 d6 22. Qa5 Qxa5 23. Rxa5 f6 24. Rxa6 {Black resigns} 1-0

[Event "Team 45 45 League T89"]
[Site "Internet Chess Club"]
[Date "2021.07.17"]
[Round "2"]
[White "kabubi"]
[Black "SeniorCitizen"]
[Result "1/2-1/2"]
[WhiteElo "1127"]
[BlackElo "1213"]
[Opening "French: King's Indian attack"]
[ECO "C00"]
[Time "14:00:16"]
[TimeControl "2700+45"]

1. e4 e6 2. d3 d5 3. Nd2 Nf6 4. g3 Be7 5. Bg2 O-O 6. Ngf3 dxe4 7. dxe4 Nbd7 8.
O-O h6 9. Qe2 c6 10. Re1 Bc5 11. Nf1 Ng4 12. Be3 Bxe3 13. Nxe3 Nxe3 14. Qxe3 Qc7
15. e5 Qb6 16. Qxb6 Nxb6 17. Rad1 Bd7 18. Re4 Rfd8 19. Rd6 Kf8 20. Bf1 Be8 21.
Red4 Ke7 22. Bd3 c5 23. Rxd8 Rxd8 24. Rxd8 Kxd8 25. Nd2 Kc7 26. f4 Nd5 27. Kf2
Nb4 28. a3 Nxd3+ 29. cxd3 b6 30. Nc4 Kd8 31. Ke3 Ke7 32. d4 cxd4+ 33. Kxd4 b5
34. Nd2 f5 35. exf6+ gxf6 36. b4 Bc6 37. Ne4 Bxe4 38. Kxe4 Kd6 {Game drawn by
mutual agreement} 1/2-1/2

[Event "Team 45 45 League T89"]
[Site "Internet Chess Club"]
[Date "2021.07.16"]
[Round "2"]
[White "PsyMar"]
[Black "oldbookseller"]
[Result "1-0"]
[WhiteElo "1332"]
[BlackElo "916"]
[Opening "Scotch opening"]
[ECO "C44"]
[Time "10:00:34"]
[TimeControl "2700+45"]

1. e4 e5 2. Nf3 Nc6 3. d4 f6 4. d5 Nge7 5. dxc6 Nxc6 6. Bc4 b6 7. Nc3 Bc5 8. O-O
a5 9. Nb5 Ba6 10. a4 Qe7 11. Nxc7+ {Black resigns} 1-0